 Dungeon Crawl Stone Soup version 0.29.1-15-g9cfb28693d (webtiles) character file.

Game seed: 8865749193909230520

358 Coltbek the Cudgeller (level 6, -7/47 HPs)
             Began as a Demonspawn Fighter on Mar 20, 2023.
             Was a Believer of Makhleb.
             Mangled by a gnoll
             ... wielding a +0 flail
             ... led by a gnoll bouda
              (9 damage)
             ... on level 3 of the Dungeon.
             The game lasted 00:10:29 (2933 turns).

Coltbek the Cudgeller (Demonspawn Fighter)          Turns: 2933, Time: 00:10:29

Health: -7/47      AC:  9    Str: 18    XL:     6   Next: 37%
Magic:  6/6        EV: 11    Int:  9    God:    Makhleb [**....]
Gold:   120        SH: 11    Dex: 13    Spells: 5/5 levels left

rFire   . . .      SeeInvis .   a - +0 flail
rCold   . . .      Faith    .   f - +2 kite shield
rNeg    . . .      Spirit   .   b - +0 scale mail
rPois   .          Reflect  .   (helmet restricted)
rElec   .          Harm     .   s - +0 cloak
rCorr   .          Rampage  .   (no gloves)
Will    +....                   (no boots)
Stlth   ..........              (no amulet)
HPRegen 0.15/turn               p - ring of willpower
MPRegen 0.10/turn               w - +4 ring of evasion

@: mighty, brilliant, invisible
A: horns 1, yellow scales 1, powered by death 1
a: Renounce Religion, Minor Destruction


You were on level 3 of the Dungeon.
You worshipped Makhleb.
Makhleb was pleased with you.
You visited 1 branch of the dungeon, and saw 3 of its levels.

You collected 120 gold pieces.

Inventory:

Hand Weapons
 a - a +0 flail (weapon)
 l - a +0 vorpal mace
Armour
 b - a +0 scale mail (worn)
 c - a +0 buckler
 f - a +2 kite shield (worn)
 i - a +0 scale mail
 s - a +0 cloak (worn)
Jewellery
 h - a ring of protection from cold
 n - a ring of flight
 p - a ring of willpower (left hand)
 r - a ring of fire
 w - a +4 ring of evasion (right hand)
Scrolls
 k - a scroll of butterflies {unknown}
 o - 2 scrolls of magic mapping {unknown}
 q - 2 scrolls of immolation {unknown}
 t - a scroll of poison {unknown}
 v - a scroll of enchant armour {unknown}
 x - a scroll of fear {unknown}
 y - a scroll of amnesia {unknown}
Potions
 e - a potion of magic {unknown}
 g - a potion of invisibility
 j - 2 potions of curing {unknown}
 m - 3 potions of brilliance
 u - 2 potions of degeneration {unknown}
 z - 2 potions of ambrosia {unknown}


   Skills:
 - Level 3.0 Fighting
 * Level 5.2 Maces & Flails
 - Level 2.6 Armour
 + Level 4.3 Shields


You had 5 spell levels left.
You didn't know any spells.
Your spell library was empty.

Dungeon Overview and Level Annotations

Branches:
Dungeon (3/15)

Altars:
Makhleb


Innate Abilities, Weirdness & Mutations

You have a pair of small horns on your head.
You are partially covered in yellow scales. (AC +2)
You regenerate a little health from kills.


Message History

You hit the gnoll bouda. Your headbutt misses the gnoll bouda.
The gnoll bouda is heavily wounded.
The gnoll is no longer moving quickly.
The gnoll hits you but does no damage. You block the gnoll's attack.
The gnoll bouda barks out a call to the hunt!
The gnoll picks up the pace!
The gnoll misses you.
You bludgeon the gnoll bouda!!
You kill the gnoll bouda!
Makhleb accepts your kill.
You feel better. The gnoll hits you but does no damage.
You block the gnoll's attack. x2
The gnoll hits you from afar with a +0 spear.
* * * LOW HITPOINT WARNING * * *
You barely miss the gnoll. You block the gnoll's attack.
The gnoll barely misses you.
The gnoll hits you from afar with a +0 spear.
* * * LOW HITPOINT WARNING * * *
The gnoll hits you with a +0 flail.
* * * LOW HITPOINT WARNING * * *
The gnoll hits you but does no damage.
You sock the gnoll!
The gnoll is severely wounded.
The gnoll hits you from afar with a +0 spear.
* * * LOW HITPOINT WARNING * * *
You block the gnoll's attack. The gnoll closely misses you.
You hit the gnoll.
The gnoll is severely wounded.
The gnoll hits you from afar with a +0 spear.
* * * LOW HITPOINT WARNING * * *
The gnoll hits you but does no damage. The gnoll closely misses you.
The gnoll hits you but does no damage. You block the gnoll's attack.
It was a potion of brilliance.
You feel clever all of a sudden. The gnoll barely misses you.
You block the gnoll's attack. x2
It was a potion of invisibility.
You fade into invisibility!
You block the gnoll's attack. The gnoll closely misses you.
The gnoll hits you with a +0 flail!
You die...

#.###......†......#.##########
#. #.......#####.#.........#
#.......# #.#########.#
#.......# #.#########.##
######### #.#...........
#.#........... .[#####
#.#........)..
.......#########.#(..........
'#####....g)@g...............
........#..g)......#.........
........#..........#.........
........##.........#.........
........##.........#.........
....g...##.........))########
.....g..##.........#)........
........##.(.......##..######
........##.........##..#


You could see 3 gnolls.

Vanquished Creatures
  Sigmund (D:2)
  A gnoll bouda (D:3)
  Terence (D:2)
  An iguana (D:3)
  A gnoll (D:3)
  3 adders
  2 worms
  2 dart slugs
  13 orcs (D:3)
  3 endoplasms (D:2)
  3 giant cockroaches
  5 goblins
  5 hobgoblins
  12 jackals
  2 quokkas (D:1)
  2 ball pythons (D:3)
  A bat (D:1)
  A frilled lizard (D:1)
  3 kobolds
  8 rats
70 creatures vanquished.

Notes
Turn   | Place    | Note
-------+----------+-------------------------------------------
     0 | D:1      | Coltbek the Demonspawn Fighter began the quest for the Orb.
     0 | D:1      | Reached XP level 1. HP: 18/18 MP: 1/1
    53 | D:1      | Reached skill level 2 in Maces & Flails
    60 | D:1      | Found a faded altar of an unknown god.
    74 | D:1      | Gained mutation: You are partially covered in yellow
                  | scales. (AC +2) [demonic ancestry]
    74 | D:1      | Reached XP level 2. HP: 18/24 MP: 2/2
    79 | D:1      | Prayed at the altar of an unknown god.
    79 | D:1      | Became a worshipper of Makhleb the Destroyer
    79 | D:1      | Reached * piety under Makhleb
   579 | D:2      | Noticed Terence
   841 | D:2      | Killed Terence
   842 | D:2      | Reached skill level 3 in Maces & Flails
   842 | D:2      | Gained mutation: You have a pair of small horns on your
                  | head. [demonic ancestry]
   842 | D:2      | Reached XP level 3. HP: 17/29 MP: 3/3
  1557 | D:2      | Reached XP level 4. HP: 34/35 MP: 4/4
  1572 | D:2      | Noticed Sigmund
  1588 | D:2      | Killed Sigmund
  1589 | D:2      | Reached skill level 4 in Maces & Flails
  1589 | D:2      | Gained mutation: You regenerate a little health from kills.
                  | [demonic ancestry]
  1589 | D:2      | Reached XP level 5. HP: 31/41 MP: 5/5
  2406 | D:3      | Reached XP level 6. HP: 47/47 MP: 6/6
  2416 | D:3      | Reached ** piety under Makhleb
  2728 | D:3      | Reached skill level 5 in Maces & Flails
  2931 | D:3      | HP: 1/47 [gnoll/+0 spear[a gnoll bouda] (2)]
  2933 | D:3      | Mangled by a gnoll

Illustrated notes

Levels and vault maps discovered:
D:1:      psy_arrival_statuary, layout_rooms,
          hellmonk_ecumenical_altar_dog_temple
D:2:      minmay_door_path, layout_basic, uniq_sigmund, uniq_terence
D:3:      layout_basic, minmay_misc_feat_columns

Skill      XL: |  1  2  3  4  5  6 |
---------------+-------------------+-----
Maces & Flails | 2 3 4 5 |  5.2
Shields        | 3 4 |  4.3
Fighting       | |  3.0
Armour         | |  2.6

Action                   |  1- 3 |  4- 6 || total
-------------------------+-------+-------++-------
Melee: Flail             |    96 |   102 ||   198
       Headbutt          |     6 |    20 ||    26
  Use: Potion            |       |     3 ||     3
Armor: Scale mail        |    34 |    39 ||    73
Dodge: Dodged            |    28 |    38 ||    66
Block: Kite shield       |    63 |    60 ||   123
